 Dungeon Crawl Stone Soup version 0.17-a0-1798-g879a7aa (webtiles) character file.

119 4thArraOfDagon the Chopper (level 4, -10/63 HPs)
             Began as a Deep Dwarf Berserker on Sept 10, 2015.
             Was a Follower of Trog.
             Mangled by Prince Ribbit (12 damage)
             ... on level 5 of the Dungeon.
             The game lasted 00:02:51 (485 turns).

4thArraOfDagon the Chopper (Deep Dwarf Berserker)    Turns: 485, Time: 00:02:51

Health: -10/63     AC:  6    Str: 26    XL:     4   Next: 74%
Magic:  4/4        EV: 11    Int:  8    God:    Trog [*.....]
Gold:   30         SH:  0    Dex: 12    Spells: 0 memorised, 3 levels left

rFire  . . .     SeeInvis .     a - +0 hand axe
rCold  . . .     Clarity  .     e - +0 ring mail (curse)
rNeg   . . .     SustAt   .     (no shield)
rPois  .         Gourm    .     f - +0 helmet (curse)
rElec  .         Spirit   .     (no cloak)
rCorr  .         Warding  .     (no gloves)
rMut   .         Stasis   .     (no boots)
MR     .....                    (no amulet)
Stlth  ..........               (no ring)
                                (no ring)

@: berserking, lethally poisoned (-10 -> -10), non-regenerating, very quick, not
resistant to hostile enchantments, extremely unstealthy
A: damage resistance, recharge devices, sense surroundings 1, slow healing 3
a: Device Recharging, Burn Spellbooks, Berserk, Renounce Religion


You were on level 5 of the Dungeon.
You worshipped Trog.
Trog was aware of your devotion.
You were hungry.

You visited 1 branch of the dungeon, and saw 5 of its levels.

You collected 74 gold pieces.
You spent 44 gold pieces at shops.

Inventory:

Hand weapons
 a - a +0 hand axe (weapon)
Armour
 e - a cursed +0 ring mail (worn)
 f - a cursed +0 helmet (worn)
 j - a +0 chain mail
Magical devices
 c - a wand of heal wounds (4)
Scrolls
 g - a scroll of teleportation {unknown}
 i - a scroll of enchant weapon {unknown}
 k - a scroll of immolation {unknown}
Potions
 h - a potion of curing
 l - a potion of ambrosia {unknown}
 m - a potion of flight {unknown}
 n - a potion of agility
Comestibles
 b - 4 chunks of flesh
 d - 2 bread rations


   Skills:
 + Level 3.5 Fighting
 * Level 4.8 Axes
 + Level 3.2 Armour
 - Level 2.1 Dodging


You had 3 spell levels left.
You didn't know any spells.

Dungeon Overview and Level Annotations

Branches:
Dungeon (5/15)
 Temple: D:4-7

Altars:

Shops:
D:5 *

Annotations:
D:5 Prince Ribbit


Innate Abilities, Weirdness & Mutations

You are resistant to damage.
You can recharge devices by infusing magical energy.
You passively map a small area around you.
You do not heal naturally.


Message History

Trog accepts your kill.
You hit the worker ant but do no damage.
The worker ant is moderately wounded.
Prince Ribbit hits you.
* * * LOW HITPOINT WARNING * * *
Unknown command.
You slash Prince Ribbit!
Prince Ribbit is heavily wounded.
You barely miss the worker ant.
The worker ant is moderately wounded.
The worker ant bites you.
You are more poisoned.
The worker ant poisons you!
Unknown command.
Prince Ribbit momentarily phases out as your attack passes through him.
Prince Ribbit is heavily wounded.
You hit the worker ant.
The worker ant is severely wounded.
Prince Ribbit hits you!
You die...

*...... ,.. ..... #.
##.#.## #.##
#####..#..###..## * *
#.......$.<###..##########
.........................§
....................# *
....................###
................@F....# *
.................a..#....
....................#####
............###.#...#
#..#............###..# *
##.....##.####### *#.# *
#.∩.####..# .. #...#
##..#* * #. * #.#.# #..#*
,


You could see Prince Ribbit and a worker ant.

Vanquished Creatures
  A crimson imp (D:5)
  A worker ant (D:4)
  An iguana (D:4)
  A gnoll (D:1)
  An adder (D:4)
  3 bats (D:1)
  4 giant cockroaches
  3 hobgoblins (D:1)
  2 goblins
  A kobold (D:1)
  6 rats (D:1)
24 creatures vanquished.

Notes
Turn   | Place    | Note
--------------------------------------------------------------
     0 | D:1      | 4thArraOfDagon the Deep Dwarf Berserker began the quest for the Orb.
     0 | D:1      | Reached XP level 1. HP: 20/20 MP: 1/1
   112 | D:1      | Reached XP level 2. HP: 28/28 MP: 2/2
   242 | D:1      | Acquired Trog's second power
   356 | D:4      | Reached skill level 4 in Axes
   356 | D:4      | Reached XP level 3. HP: 13/34 MP: 3/3
   379 | D:4      | Reached XP level 4. HP: 4/42 MP: 4/4
   444 | D:5      | Entered Level 5 of the Dungeon
   447 | D:5      | Found Inaoliep's General Store.
   460 | D:5      | Bought a potion of agility for 44 gold pieces
   477 | D:5      | Noticed Prince Ribbit
   483 | D:5      | HP: 2/63 [Prince Ribbit (3)]
   485 | D:5      | Mangled by Prince Ribbit

Vault maps used:
D:1:      onia_arrival_larder, serial_glass, glass_columns_b, glass_columns_a,
          glass_columns_c, glass_columns_a, glass_columns_b
D:2:      uniq_natasha, uniq_sigmund
D:3:      lemuel_doored_altar, tso_metal_star
D:5:      okawaru_metal_pillars_1_2, serial_shops, nicolae_shop_stone,
          first_bread, lightli_sewer_entry_pipes, uniq_blork_the_orc,
          uniq_crazy_yiuf_cottage, uniq_menkaure, uniq_prince_ribbit1

Action                   |  1- 3 |  4- 6 || total
-------------------------+-------+-------++-------
Melee: Hand axe          |    83 |    17 ||   100
Invok: Berserk           |     3 |     1 ||     4
       Trog's Hand       |     1 |     2 ||     3
Evoke: Wand              |     1 |       ||     1
  Use: Potion            |     1 |       ||     1
  Eat: Chunk             |       |     2 ||     2
